 Seeded DCSS version 0.30-a0-924-g0ad0bf95bc (webtiles) character file.

Game seed: 6288695233667593312 (custom seed)

398 Darius099 the Ruffian (level 6, 0/61 HPs)
             Began as a Troll Monk on Mar 23, 2023.
             Was a Priest of Jiyva.
             Slain by Darius099's ghost (11 damage)
             ... on level 4 of the Dungeon.
             The game lasted 00:05:27 (3149 turns).

Darius099 the Ruffian (Troll Monk)                  Turns: 3149, Time: 00:05:27

Health: 0/61       AC:  4    Str: 20    XL:     6   Next: 53%
Magic:  5/5        EV: 10    Int:  6    God:    Jiyva [***...]
Gold:   211        SH:  0    Dex: 14    Spells: 5/5 levels left

rFire   . . .      SeeInvis .      - Unarmed
rCold   . . .      Faith    .    (no shield)
rNeg    . . .      Spirit   .    a - +0 robe
rPois   .          Reflect  .    (helmet restricted)
rElec   .          Rampage  .    (no cloak)
rCorr   +                        (gloves unavailable)
Will    .....                    (boots unavailable)
Stlth   ++                       (no amulet)
HPRegen 2.22/turn                m - ring of flight
MPRegen 0.44/turn                (no ring)

@: flying
A: large, unfitting armour, claws 3, regeneration 1, shaggy fur 1, tough skin 1
a: Renounce Religion, Oozemancy


You were on level 4 of the Dungeon.
You worshipped Jiyva.
Jiyva was most pleased with you.
You visited 1 branch of the dungeon, and saw 4 of its levels.
You also visited: Sewer.

You collected 211 gold pieces.

Inventory:

Armour
 a - a +0 robe (worn)
Jewellery
 m - a ring of flight (left claw)
Scrolls
 d - 2 scrolls of enchant armour {unknown}
 f - a scroll of silence {unknown}
 h - 3 scrolls of enchant weapon {unknown}
 i - a scroll of noise {unknown}
 j - 2 scrolls of vulnerability {unknown}
 k - 4 scrolls of identify {unknown}
 n - a scroll of brand weapon {unknown}
 o - 3 scrolls of blinking {unknown}
 v - a scroll of fear {unknown}
 w - a scroll of torment {unknown}
 x - a scroll of poison {unknown}
Potions
 b - a potion of ambrosia
 c - a potion of brilliance {unknown}
 e - 2 potions of curing {unknown}
 g - 2 potions of resistance {unknown}
 l - a potion of haste {unknown}
 p - a potion of might {unknown}
 q - a potion of magic {unknown}
 r - a potion of experience {unknown}
 s - 2 potions of mutation {unknown}
 t - a potion of heal wounds {unknown}
 u - a potion of attraction {unknown}
 z - a potion of flight {unknown}


   Skills:
 - Level 3.0 Fighting
 - Level 3.0 Dodging
 - Level 1.5 Stealth
 + Level 6.4 Unarmed Combat


You had 5 spell levels left.
You didn't know any spells.
Your spell library contained the following spells:

 Spells                   Type           Power      Damage    Failure   Level
 Blade Hands              Tmut           0%         N/A       100%        5
 Irradiate                Conj/Tmut      0%         3d11      100%        5
 Dragon Form              Tmut           0%         N/A       100%        7


Dungeon Overview and Level Annotations

Branches:
Dungeon (4/15)              Sewer (visited)
 Temple: D:4-7

Altars:
Ashenzari
Dithmenos

Shops:
D:1 (

Annotations:
D:4 Darius099's ghost, amateur TrMo


Innate Abilities, Weirdness & Mutations

You are too large for most types of armour.
You have claws for hands.
Your natural rate of healing is unusually fast.
You are covered in fur. (AC +1)
You have tough skin. (AC +1)


Message History

Darius099's ghost is lightly damaged.
Darius099's ghost barely misses you.
You closely miss Darius099's ghost.
Darius099's ghost is lightly damaged.
Darius099's ghost hits you!
You closely miss Darius099's ghost.
Darius099's ghost is lightly damaged.
Darius099's ghost hits you!
You closely miss Darius099's ghost.
Darius099's ghost is lightly damaged.
Darius099's ghost hits you!
You are too injured to fight recklessly!
You are too injured to fight recklessly!
You are too injured to fight recklessly!
You completely miss Darius099's ghost.
Darius099's ghost is lightly damaged.
Darius099's ghost hits you!
* * * LOW HITPOINT WARNING * * *
You scratch Darius099's ghost but do no damage.
You claw Darius099's ghost.
Darius099's ghost is lightly damaged.
Darius099's ghost screams, "Zot is a myth, the ORB is a fable, you'll soon be a tale!"
Darius099's ghost closely misses you.
You scratch Darius099's ghost.
Darius099's ghost is moderately damaged.
You scratch Darius099's ghost.
Darius099's ghost is moderately damaged.
Darius099's ghost hits you!
* * * LOW HITPOINT WARNING * * *
You closely miss Darius099's ghost. Your claw misses Darius099's ghost.
Darius099's ghost is moderately damaged.
Darius099's ghost barely misses you.
You barely miss Darius099's ghost.
Darius099's ghost is moderately damaged.
Darius099's ghost hits you.
* * * LOW HITPOINT WARNING * * *
You scratch Darius099's ghost.
Darius099's ghost is heavily damaged.
Darius099's ghost hits you!
You die...

### #......##...# ####.### ..#
#......##...# #.....# ..#
#.......#...#####..##.## ..#
###...........'...........
..######.....#...#######..#.#..#.
......##.###.#...#~##≈####..<....
......##.# #.#...#≈.~###.....#.#.
.......#.# #.#...#≈....#...#.....
.......#.# #.+..@W.#.~##....#####
#.####.#.#####...'..!$.#.........
#.####...........#≈⌠..##.......##
.................#..#.##.........
####.###.##.÷.#####≈.###.....#..#
####.# #.##.#..## #########.#...
..##.###.##.##..# #.####.##.#
..##.....##.###÷# #....#.##.#
..#########.###.# ####.#.##.#


You could see Darius099's ghost.

Vanquished Creatures
  A scorpion (D:4)
  2 jellies (Sewer)
  An iguana (D:4)
  An orc wizard (D:4)
  5 adders
  3 river rats (Sewer)
  An ufetubus (D:4)
  3 worms
  3 dart slugs
  4 orcs
  4 bats
  14 endoplasms
  7 giant cockroaches
  8 goblins
  11 hobgoblins
  14 jackals
  9 quokkas
  14 ball pythons
  7 frilled lizards
  9 kobolds
  7 rats
128 creatures vanquished.

Vanquished Creatures (others)
  An endoplasm (D:4)
  25 plants
26 creatures vanquished.

Grand Total: 154 creatures vanquished

Notes
Turn   | Place    | Note
-------+----------+-------------------------------------------
     0 | D:1      | Darius099 the Troll Monk began the quest for the Orb.
     0 | D:1      | Reached XP level 1. HP: 22/22 MP: 0/0
    75 | D:1      | Reached XP level 2. HP: 29/29 MP: 1/1
   588 | D:2      | Reached XP level 3. HP: 36/36 MP: 2/2
   643 | D:2      | Found a shadowy altar of Dithmenos.
   934 | D:2      | Reached XP level 4. HP: 44/44 MP: 3/3
  1751 | D:3      | Reached skill level 4 in Unarmed Combat
  1836 | D:3      | Found a broken altar of Ashenzari.
  1965 | D:3      | Found a glowing drain.
  2010 | Sewer    | Entered a sewer
  2041 | Sewer    | Reached XP level 5. HP: 53/53 MP: 4/4
  2122 | Sewer    | Reached skill level 5 in Unarmed Combat
  2130 | Sewer    | Found a viscous altar of Jiyva.
  2227 | Sewer    | Became a worshipper of Jiyva Juedacro the Shapeless
  2227 | Sewer    | Reached * piety under Jiyva
  2227 | Sewer    | Reached ** piety under Jiyva
  2616 | D:4      | Reached XP level 6. HP: 50/61 MP: 5/5
  2620 | D:4      | Reached skill level 6 in Unarmed Combat
  2707 | D:4      | Found a large runed translucent door.
  2707 | D:4      | Found a large runed translucent door.
  2809 | D:4      | Reached *** piety under Jiyva
  3134 | D:4      | Noticed Darius099's ghost (amateur TrMo)
  3149 | D:4      | Slain by Darius099's ghost

Illustrated notes

Levels and vault maps discovered:
D:1:      minmay_arrival_five_plusses, layout_loops_ring, serial_shops, shop
D:2:      layout_loops_corners, serial_bayou, serial_bayou_lagoon_a,
          serial_bayou_pond_d, serial_bayou_pond_c, serial_bayou_pond_d,
          serial_bayou_ford_a, serial_bayou_pond_d, basic_altar,
          minmay_tetromino_s4
D:3:      layout_loops_ring, overflow_temple_1_default,
          cheibrodos_sewer_entry_sluice, saegor_snake_ambush
D:4:      layout_basic, ebering_ghost_disaster_area, minmay_splitting_lines

Skill      XL: |  1  2  3  4  5  6 |
---------------+-------------------+-----
Fighting       | 3 |  3.0
Dodging        | 3 |  3.0
Unarmed Combat | 4 5 6 |  6.4
Stealth        | |  1.5

Action                     |  1- 3 |  4- 6 || total
---------------------------+-------+-------++-------
  Melee: Unarmed           |   116 |   186 ||   302
         Punch             |     2 |    10 ||    12
   Stab: Sleeping          |     7 |    13 ||    20
 Armour: Robe              |    32 |    41 ||    73
  Dodge: Dodged            |    53 |    77 ||   130

Table legend: (Time is in decaauts)
 A = Elapsed time spent in this place.
 B = Non-inter-level travel time spent in this place.
 C = Inter-level travel time spent in this place.
 D = Time resting spent in this place.
 E = Time spent auto-exploring this place.
 F = Levels seen in this place.
 G = Mean time per level.
                   A        B        C        D        E       F      G
               +--------+--------+--------+--------+--------+-----+--------+
         Total |   3124 |   3051 |     73 |     36 |   2240 |   5 |  624.8 |
       Dungeon |   2896 |   2823 |     73 |     36 |   2142 |   4 |  724.0 |
         Sewer |    228 |    228 |      0 |      0 |     98 |   1 |  228.0 |
               +--------+--------+--------+--------+--------+-----+--------+

Top non-repeatable levels by time:
     D:2: 1048 daAuts
     D:3: 684 daAuts
     D:4: 583 daAuts
     D:1: 579 daAuts
   Sewer: 228 daAuts
